 Dungeon Crawl Stone Soup version 0.18.1-50-g88ac8fd (console) character file.

10119 Kloppie the Cleaver (level 11, 0/101 (102) HPs)
             Began as a Hill Orc Berserker on Oct 26, 2016.
             Was a High Priest of Trog.
             Succumbed to sheala's ghost's poison
             ... on level 9 of the Dungeon.
             The game lasted 00:18:29 (8770 turns).

Kloppie the Cleaver (Hill Orc Berserker)            Turns: 8770, Time: 00:18:30

HP:   0/101 (102)   AC: 19    Str: 21    XL:     11   Next: 57%
MP:   11/11         EV:  2    Int:  7    God:    Trog [*****.]
Gold: 568           SH: 28    Dex: 15    Spells: 0 memorised, 10 levels left

rFire  + . .     SeeInvis .     a - +0 war axe
rCold  . . .     Gourm    .     n - +0 chain mail {rF+}
rNeg   + . .     Faith    .     t - +18 shield of the gong {rElec rN+ MR+ EV-5}
rPois  .         Spirit   .     D - +0 helmet
rElec  +         Dismiss  .     F - +0 cloak
rCorr  .         Reflect  .     x - +0 pair of gloves
SustAt +         Harm     .     c - +1 pair of boots
MR     +....                    (no amulet)
Stlth  ..........               w - +2 ring of dexterity
                                M - ring of sustain attributes

@: lethally poisoned (0 -> -9), exhausted, slowed, very slow, somewhat resistant
to hostile enchantments, extremely unstealthy
A: no striking features
a: Berserk, Trog's Hand, Brothers in Arms, Burn Spellbooks, Renounce Religion


You were on level 9 of the Dungeon.
You worshipped Trog.
Trog was extremely pleased with you.
You were very hungry.

You visited 1 branch of the dungeon, and saw 9 of its levels.
You also visited: Ossuary.

You collected 568 gold pieces.

Inventory:

Hand Weapons
 a - a +0 war axe (weapon)
 r - a +4 executioner's axe of electrocution
Armour
 c - a +1 pair of boots (worn)
 n - a +0 chain mail of fire resistance (worn)
 t - the +18 shield of the gong (worn) {rElec rN+ MR+ EV-5}
   (You found it on level 8 of the Dungeon)

   It affects your evasion (-5).
   It insulates you from electricity.
   It protects you from negative energy.
   It affects your resistance to hostile enchantments.
 x - a +0 pair of gloves (worn)
 D - a +0 helmet (worn)
 F - a +0 cloak (worn)
Jewellery
 j - an uncursed ring of ice
 w - a +2 ring of dexterity (right hand)
 M - a ring of sustain attributes (left hand)
Wands
 d - a wand of iceblast (4/15)
 y - a wand of polymorph (13/24)
 G - a wand of enslavement (10/24)
 L - a wand of digging (5/24)
Scrolls
 e - 4 scrolls of enchant armour
 g - 7 scrolls of teleportation
 l - a scroll of fog
 m - 2 scrolls of remove curse
 B - a scroll of recharging
 K - a scroll of random uselessness {unknown}
 O - 2 scrolls of blinking {unknown}
Potions
 b - 2 potions of brilliance
 i - 6 potions of might
 p - 2 potions of lignification
 q - 2 potions of curing
 u - 3 potions of cure mutation
 v - 2 potions of haste
 z - 3 potions of mutation
 A - a potion of flight
 C - 2 potions of agility
 E - a potion of resistance
 N - a potion of heal wounds {unknown}
Books
 h - a book of Misfortune

   Spells                             Type                      Level
   a - Confusing Touch                Hexes                        2
   b - Confuse                        Hexes                        3
   c - Gell's Gravitas                Hexes/Translocation          3
   d - Petrify                        Transmutation/Earth          4
   e - Metabolic Englaciation         Hexes/Ice                    5
   f - Yara's Violent Unravelling     Hexes/Transmutation          5
   Trog disapproves of the use of such an item.
 H - a book of Misfortune

   Spells                             Type                      Level
   a - Confusing Touch                Hexes                        2
   b - Confuse                        Hexes                        3
   c - Gell's Gravitas                Hexes/Translocation          3
   d - Petrify                        Transmutation/Earth          4
   e - Metabolic Englaciation         Hexes/Ice                    5
   f - Yara's Violent Unravelling     Hexes/Transmutation          5
   Trog disapproves of the use of such an item.
 I - a Necronomicon

   Spells                             Type                      Level
   a - Haunt                          Necromancy/Summoning         7
   b - Borgnjor's Revivification      Necromancy                   8
   c - Death's Door                   Charms/Necromancy            8
   d - Necromutation                  Transmutation/Necromancy     8
   Trog disapproves of the use of such an item.
Comestibles
 f - 11 fruits
 k - 2 beef jerkies
 o - 7 slices of pizza
 s - 7 bread rations


   Skills:
 - Level 11.5 Fighting
 + Level 14.0 Axes
 + Level 11.0 Armour
 - Level 1.5 Dodging
 + Level 4.5 Shields


You had 10 spell levels left.
You didn't know any spells.

Dungeon Overview and Level Annotations

Branches:
Dungeon (9/15)             Temple (0/1) D:7
   Lair: D:8-11         Orc: D:9-12

Altars:
Dithmenos
Fedhas
Kikubaaqudgha
Trog
Vehumet
Xom

Shops:
D:4 ?

Annotations:
D:9 sheala's ghost, novice DEWz


Message History

You are more poisoned.
You bump into the rock wall.
You feel less confused.
You feel sick.
Sheala's ghost hits you but does no damage.
You are more poisoned.
You block sheala's ghost's attack.
SHROANNG!
You hear a shout! x2
You feel sick. You block sheala's ghost's attack.
PANG!
Your skin stops crawling.
You feel less resistant to hostile enchantments.
* * * LOW HITPOINT WARNING * * *
You feel sick.
Sheala's ghost points at you and mumbles some strange words.
The magic dart hits you!
Items here: ( ) [ † 3 tomahawks a leather armour; a flail; an orc corpse You die...

######### #.......#
#.#####.# #.#.#<#.#
#####...#...########
.........÷....(......
############.############
#....#######.##
#)##W#..@..<..#
#.##.##(#####.#
#..#W##W#$#.8.#
##W#9.o.#$#.+.#
#.######$#.8##
#9o..###$#.##
####9###$#.## #.###.#.##
#9# #.#.##


You could see an orc warrior and sheala's ghost.

Vanquished Creatures
  Erolcha (D:9)
  A death knight (D:9)
  Pikel (D:4)
  Maurice (D:8)
  Joseph (D:9)
  Prince Ribbit (D:8)
  A two-headed ogre (D:9)
  Eustachio (D:4)
  7 spriggans (D:6)
  Sigmund (D:6)
  5 yaks (D:9)
  A hog (D:7)
  A human (D:7)
  Menkaure (Ossuary)
  A water moccasin (D:8)
  An ice beast (D:6)
  5 orc warriors
  3 sky beasts
  4 phantoms
  3 ogres
  A black bear (D:9)
  A necrophage (D:7)
  A crocodile (D:8)
  3 centaurs
  8 giant frogs
  A big kobold (D:7)
  A gnoll sergeant (D:9)
  A scorpion (D:6)
  A water moccasin skeleton (D:6)
  3 killer bees (D:7)
  4 wights (D:7)
  7 howler monkeys
  2 centaur zombies (D:8)
  3 crimson imps
  4 jellies
  A quasit (D:5)
  3 hounds
  Crazy Yiuf (D:6)
  4 orc priests
  5 orc wizards
  2 centaur skeletons
  Jessica (D:2)
  2 iguanas
  8 worker ants
  3 sheep (D:7)
  A hound zombie (D:7)
  3 mummies (Ossuary)
  A worker ant zombie (D:7)
  Robin (D:4)
  8 gnolls
  5 adders
  A shadow imp (D:6)
  2 oozes (D:3)
  2 adder skeletons
  2 adder zombies
  2 worms
  2 dart slugs
  8 giant geckos
  33 orcs
  6 giant cockroaches
  24 goblins
  8 hobgoblins
  14 jackals
  9 quokkas
  2 ball pythons
  11 bats
  10 giant newts
  4 gnoll skeletons (Ossuary)
  2 gnoll zombies (Ossuary)
  4 goblin skeletons (Ossuary)
  4 goblin zombies (Ossuary)
  2 hobgoblin skeletons (Ossuary)
  4 hobgoblin zombies (Ossuary)
  16 kobolds
  2 kobold skeletons (Ossuary)
  3 kobold zombies (Ossuary)
  2 orc zombies (Ossuary)
  A quokka skeleton (D:5)
  7 rats
  5 rat skeletons (Ossuary)
  3 rat zombies (Ossuary)
326 creatures vanquished.

Vanquished Creatures (others)
  2 slaves (D:4)
  A quokka (D:9)
  2 gnoll skeletons (Ossuary)
  A goblin skeleton (Ossuary)
  2 hobgoblin skeletons (Ossuary)
  2 hobgoblin zombies (Ossuary)
  A kobold skeleton (Ossuary)
  3 kobold zombies (Ossuary)
  An orc skeleton (Ossuary)
  An orc zombie (Ossuary)
  A rat skeleton (Ossuary)
  A rat zombie (Ossuary)
18 creatures vanquished.

Grand Total: 344 creatures vanquished

Notes
Turn   | Place    | Note
--------------------------------------------------------------
     0 | D:1      | Kloppie the Hill Orc Berserker began the quest for the Orb.
     0 | D:1      | Reached XP level 1. HP: 19/19 MP: 1/1
   144 | D:1      | Reached XP level 2. HP: 27/27 MP: 2/2
   566 | D:1      | Reached XP level 3. HP: 32/33 MP: 3/3
  1018 | D:2      | Reached ** piety under Trog
  1105 | D:2      | Noticed Jessica
  1115 | D:2      | Killed Jessica
  1115 | D:2      | Reached skill level 5 in Axes
  1115 | D:2      | Reached XP level 4. HP: 24/41 MP: 4/4
  1502 | D:3      | Reached XP level 5. HP: 45/47 MP: 5/5
  1581 | D:3      | Reached skill level 5 in Fighting
  1753 | D:3      | Reached *** piety under Trog
  2084 | D:3      | Found a shimmering altar of Xom.
  2277 | D:4      | Noticed Robin
  2283 | D:4      | Noticed Eustachio
  2287 | D:4      | Received a gift from Trog
  2288 | D:4      | Reached XP level 6. HP: 57/57 MP: 6/6
  2307 | D:4      | Killed Robin
  2307 | D:4      | Reached skill level 6 in Axes
  2654 | D:4      | Noticed a phantom
  2727 | D:5      | Entered Level 5 of the Dungeon
  2740 | D:5      | Found a blossoming altar of Fedhas.
  2819 | D:5      | Found a sand-covered staircase.
  2838 | Ossuary  | Entered an ossuary
  3121 | Ossuary  | Noticed Menkaure
  3125 | Ossuary  | Killed Menkaure
  3125 | Ossuary  | Reached XP level 7. HP: 64/64 MP: 7/7
  3297 | D:5      | Reached skill level 7 in Axes
  3312 | D:5      | Reached **** piety under Trog
  3548 | D:5      | Reached skill level 5 in Armour
  4482 | D:4      | Noticed Pikel
  4510 | D:4      | Killed Pikel
  4510 | D:4      | Reached skill level 8 in Axes
  4510 | D:4      | Reached XP level 8. HP: 60/74 MP: 8/8
  4698 | D:4      | Reached skill level 9 in Axes
  4754 | D:4      | Killed Eustachio
  4847 | D:4      | Found a radiant altar of Vehumet.
  4879 | D:4      | Found a bloodstained altar of Trog.
  5004 | D:4      | Found Xusse's Magic Scroll Emporium.
  5076 | D:6      | Reached XP level 9. HP: 82/82 MP: 9/9
  5262 | D:6      | Reached skill level 10 in Axes
  5436 | D:6      | Reached skill level 10 in Fighting
  5719 | D:6      | Reached skill level 11 in Axes
  5731 | D:6      | Reached XP level 10. HP: 58/93 MP: 10/10
  5996 | D:6      | Noticed Sigmund
  6006 | D:6      | Killed Sigmund
  6036 | D:6      | Reached ***** piety under Trog
  6063 | D:6      | Noticed Crazy Yiuf
  6067 | D:6      | Killed Crazy Yiuf
  6400 | D:7      | Reached skill level 12 in Axes
  6715 | D:7      | Identified a scroll of acquirement
  6932 | D:7      | Found a staircase to the Ecumenical Temple.
  7192 | D:8      | Noticed Prince Ribbit
  7488 | D:8      | Killed Prince Ribbit
  7488 | D:8      | Received a gift from Trog
  7636 | D:8      | Noticed Maurice
  7671 | D:8      | Killed Maurice
  7671 | D:8      | Reached skill level 13 in Axes
  7671 | D:8      | Reached skill level 10 in Armour
  7809 | D:8      | Found a shadowy altar of Dithmenos.
  7809 | D:8      | Found an ancient bone altar of Kikubaaqudgha.
  7817 | D:8      | Reached XP level 11. HP: 92/101 MP: 11/11
  8142 | D:8      | Reached skill level 1 in Shields
  8207 | D:9      | Noticed Joseph
  8214 | D:9      | Noticed Erolcha
  8236 | D:9      | Killed Erolcha
  8237 | D:9      | Killed Joseph
  8405 | D:9      | Noticed a death knight
  8418 | D:9      | Killed a death knight
  8674 | D:9      | Reached skill level 14 in Axes
  8697 | D:9      | Noticed sheala's ghost (novice DEWz)
  8765 | D:9      | HP: 2/101 [sheala's ghost/flame tongue (14)]
  8770 | D:9      | Succumbed to sheala's ghost's poison

Skill      XL: |  1  2  3  4  5  6  7  8  9 10 11 |
---------------+----------------------------------+-----
Fighting       | 4 5 6 8 10 11 | 11.5
Axes           | 5 6 8 9 11 13 14 | 14.0
Armour         | 3 4 6 7 8 10 11 | 11.0
Shields        | 4 |  4.5
Dodging        | |  1.5

Action                   |  1- 3 |  4- 6 |  7- 9 | 10-12 || total
-------------------------+-------+-------+-------+-------++-------
Melee: Hand axe          |   129 |   393 |   331 |       ||   853
       War axe           |       |       |    73 |   444 ||   517
Invok: Berserk           |       |     4 |     6 |     7 ||    17
       Trog's Hand       |       |     2 |     1 |     4 ||     7
  Use: Scroll            |       |       |     5 |    20 ||    25
  Eat: Chunk             |     1 |     6 |    10 |    15 ||    32
       Bread ration      |       |     1 |       |       ||     1
       Beef jerky        |       |     1 |       |       ||     1
       Meat ration       |       |       |     1 |       ||     1
       Pizza             |       |       |       |     1 ||     1
Armor: Animal skin       |    21 |       |       |       ||    21
       Chain mail        |    48 |   230 |   280 |   192 ||   750
Dodge: Dodged            |    86 |   174 |   173 |   140 ||   573
Block: Shield            |       |       |       |   175 ||   175
